 Dungeon Crawl Stone Soup version 0.24.0-125-gc4c63601f3 (webtiles) character file.

Game seed: 7940659618405013208, levelgen mode: deterministic

60 Enroth the Skirmisher (level 4, 0/40 HPs)
             Began as a Hill Orc Fighter on Mar 17, 2020.
             Succumbed to an adder's poison
             ... on level 2 of the Dungeon.
             The game lasted 00:01:59 (977 turns).

Enroth the Skirmisher (Hill Orc Fighter)             Turns: 977, Time: 00:01:59

Health: 0/40       AC:  7    Str: 19    XL:     4   Next: 6%
Magic:  4/4        EV:  7    Int:  8    God:
Gold:   94         SH:  9    Dex: 10    Spells: 3/3 levels left

rFire    . . .     SeeInvis .   a - +0 long sword
rCold    . . .     Gourm    .   c - +0 shield
rNeg     . . .     Faith    .   b - +0 scale mail
rPois    .         Spirit   .   (no helmet)
rElec    .         Reflect  .   (no cloak)
rCorr    .         Harm     .   (no gloves)
MR       .....                  (no boots)
Stlth    ..........             (no amulet)
HPRegen  0.13/turn              (no ring)
MPRegen  0.09/turn              (no ring)

@: lethally poisoned (0 -> -7)
A: no striking features
a: no special abilities


You were on level 2 of the Dungeon.
You were not hungry.

You visited 1 branch of the dungeon, and saw 2 of its levels.

You collected 94 gold pieces.

Inventory:

Hand Weapons
 a - a +0 long sword (weapon)
Armour
 b - a +0 scale mail (worn)
 c - a +0 shield (worn)
Scrolls
 g - a scroll of enchant armour {unknown}
 h - 3 scrolls of remove curse {unknown}
 j - a scroll of identify {unknown}
 k - a scroll of blinking {unknown}
Potions
 d - a potion of might
 e - a potion of haste
 i - a potion of curing {unknown}
Comestibles
 f - 3 rations


   Skills:
 + Level 4.2 Fighting
 + Level 3.0 Long Blades
 + Level 3.8 Armour
 + Level 0.2 Dodging
 + Level 3.8 Shields


You had 3 spell levels left.
You didn't know any spells.
Your spell library was empty.

Dungeon Overview and Level Annotations

Branches:
Dungeon (2/15)

Altars:
Nemelex Xobeh
Okawaru
Xom


Message History

You feel sick.
The giant cockroach bites you but does no damage.
The adder bites you.
* * * LOW HITPOINT WARNING * * *
The adder bites you but does no damage.
The giant cockroach bites you but does no damage.
The adder completely misses you.
You riposte.
You slash the adder!
You kill the adder!
Your Long Blades skill increases to level 3!
You have reached level 4!
You closely miss the adder.
The adder is almost dead.
* * * LOW HITPOINT WARNING * * *
You feel sick. You block the adder's attack.
The kobold drinks a potion.
The kobold seems to speed up.
You block the giant cockroach's attack. The adder bites you but does no damage.
You block the giant cockroach's attack.
Unknown command.
You closely miss the adder.
The adder is almost dead.
You die...

#.##..............
#.###.............
#.# #.#######.#)#.
#.###.# ####.#.#.
#.....####.##.#.#.
#÷###.......#.#.##
#.# ######.##.#.##
#.## #.......)
#@†# #....#.##
#sS# #..#.....
.K... #..###.##
....##.# #......##
.###.# # #..#####.
#. .# #.......# #
.# ##.####[. .#
#.# #.. #.# #..


You could see an adder, a giant cockroach and a kobold.

Vanquished Creatures
  An adder (D:2)
  A worm (D:2)
  2 leopard geckos
  2 ball pythons
  4 bats
  A giant cockroach (D:1)
  4 goblins (D:1)
  8 hobgoblins
  4 jackals (D:1)
  4 kobolds
  A quokka (D:2)
  4 frilled lizards
  7 rats (D:1)
43 creatures vanquished.

Notes
Turn   | Place    | Note
-------+----------+-------------------------------------------
     0 | D:1      | Enroth the Hill Orc Fighter began the quest for the Orb.
     0 | D:1      | Reached XP level 1. HP: 19/19 MP: 1/1
    99 | D:1      | Reached XP level 2. HP: 27/27 MP: 2/2
   131 | D:1      | Reached skill level 4 in Fighting
   206 | D:1      | Reached XP level 3. HP: 20/33 MP: 3/3
   835 | D:2      | Found a sparkling altar of Nemelex Xobeh.
   835 | D:2      | Found a shimmering altar of Xom.
   836 | D:2      | Found an iron altar of Okawaru.
   975 | D:2      | Reached XP level 4. HP: 3/40 MP: 4/4
   976 | D:2      | HP: 1/40 [poisoned by an adder]
   977 | D:2      | Succumbed to an adder's poison

Levels and vault maps discovered:
D:1:      onia_arrival_pentagram, layout_basic, minmay_misc_feat_five
D:2:      layout_loops_ring, gammafunk_temple_overflow_forgotten

Skill      XL: |  1  2  3 |
---------------+----------+-----
Fighting       | 4 |  4.2
Long Blades    | 3 |  3.0
Armour         | |  3.8
Dodging        | |  0.2
Shields        | |  3.8

Action                   |  1- 3 |  4- 6 || total
-------------------------+-------+-------++-------
Melee: Long sword        |   130 |     2 ||   132
  Eat: Chunk             |     1 |       ||     1
Armor: Scale mail        |    77 |     1 ||    78
Dodge: Dodged            |    55 |       ||    55
Block: Shield            |    96 |     3 ||    99
       Rpst.: Long sword |    20 |       ||    20
